 Dungeon Crawl Stone Soup version 0.25-a0-578-gc91f01c39c (webtiles) character file.

Game seed: 6047863812839575813, levelgen mode: deterministic

576 MisterFreud the Ducker (level 7, -7/46 HPs)
             Began as an Octopode Fighter on Mar 3, 2020.
             Was an Initiate of Cheibriados.
             Mangled by Prince Ribbit (16 damage)
             ... on level 5 of the Dungeon.
             The game lasted 00:07:12 (3894 turns).

MisterFreud the Ducker (Octopode Fighter)           Turns: 3894, Time: 00:07:12

Health: -7/46      AC:  1    Str: 22    XL:     7   Next: 35%
Magic:  7/7        EV: 15    Int: 13    God:    Cheibriados [......]
Gold:   38         SH: 10    Dex: 13    Spells: 6/6 levels left

rFire    + . .     SeeInvis .     - Unarmed
rCold    . . .     Gourm    .   a - +1 kite shield
rNeg     . . .     Faith    +   (helmet restricted)
rPois    .         Spirit   .   E - amulet of faith
rElec    .         Reflect  .   t - ring of protection from fire
rCorr    +         Harm     .   w - +6 ring of strength
MR       +....                  i - ring of protection from magic
Stlth    ++........             y - ring of resist corrosion
HPRegen  0.15/turn              (no ring)
MPRegen  0.10/turn              (no ring)
                                (no ring)
                                (no ring)

@: very slow
A: almost no armour, stealthy swim, amphibious, 8 rings, constrict 8, camouflage
1, gelatinous body 1
a: Bend Time, Renounce Religion


You were on level 5 of the Dungeon.
You worshipped Cheibriados.
Cheibriados was noncommittal.
You were not hungry.

You visited 2 branches of the dungeon, and saw 6 of its levels.

You collected 209 gold pieces.
You spent 171 gold pieces at shops.

Inventory:

Missiles
 j - 173 stones (quivered)
 k - 2 throwing nets
 l - 12 poisoned darts
 m - 45 arrows
 q - 7 javelins
 s - 14 sling bullets
 x - 3 datura-tipped darts
Armour
 a - a +1 kite shield (worn)
Jewellery
 i - a ring of protection from magic (on tentacle)
 t - a ring of protection from fire (left tentacle)
 w - a +6 ring of strength (right tentacle)
 y - a ring of resist corrosion (on tentacle)
 E - an amulet of faith (around mantle)
Wands
 A - a wand of random effects (20)
Scrolls
 d - 5 scrolls of teleportation
 e - 3 scrolls of identify
 n - 2 scrolls of remove curse
 o - a scroll of fear
 u - a scroll of enchant armour
 v - a scroll of enchant weapon {unknown}
 C - a scroll of amnesia {unknown}
Potions
 b - a potion of might
 g - 3 potions of stabbing
 p - a potion of brilliance
 z - a potion of magic
 B - 2 potions of curing
 D - a potion of mutation {unknown}
 F - a potion of resistance {unknown}
Comestibles
 c - 13 rations
 f - 6 chunks of flesh


   Skills:
 - Level 3.0 Fighting
 + Level 7.4 Dodging
 - Level 3.0 Shields
 - Level 4.0 Unarmed Combat


You had 6 spell levels left.
You didn't know any spells.
Your spell library was empty.

Dungeon Overview and Level Annotations

Branches:
Dungeon (5/15)             Temple (1/1) D:4

Altars:
Ashenzari
Cheibriados
Dithmenos
Elyvilon
Hepliaklqana
Makhleb
Nemelex Xobeh
Qazlal
Sif Muna
Uskayaw
Vehumet
Wu Jian
Xom
Yredelemnul
The Shining One

Shops:
D:4 **[

Portals:
Ossuary: D:5

Annotations:
D:5 Prince Ribbit


Innate Abilities, Weirdness & Mutations

You cannot wear most types of armour.
You are very stealthy in the water. (Stealth+)
You are amphibious.
You can wear up to eight rings at the same time.
You can use your tentacles to constrict eight enemies at once.
Your skin changes colour to match your surroundings (Stealth+).
Your rubbery body absorbs attacks. (AC +1, EV +1)


Message History

There is an open door here.
The giant cockroach closely misses you. The mummy misses you.
The giant cockroach barely misses you.
There is a sand-covered staircase here.
You tentacle-slap the mummy. You grab the mummy.
The mummy is lightly damaged.
You constrict the mummy, but do no damage.
Prince Ribbit hits you. The giant cockroach closely misses you.
Prince Ribbit misses you. The mummy hits you!
* * * LOW HITPOINT WARNING * * *
You tentacle-slap the mummy.
The mummy is moderately damaged.
You constrict the mummy. The giant cockroach bites you.
* * * LOW HITPOINT WARNING * * *
You block Prince Ribbit's attack. The giant cockroach barely misses you.
You tentacle-slap the mummy. You squeeze the mummy!
You destroy the mummy!
You block Prince Ribbit's attack. You block the giant cockroach's attack.
Prince Ribbit hits you!
You die...

*,,,,,,*,,,,,,,,,,,,
###*,*,,,,,,,,,,,,<,,,_
##...,*,,,,,,,,,,,,,,,,,
##...#,,,,,,,,,,,,,,,,,,,
#....#*,,,,,,,*,,,,,,,,,,
##....###,,,****,,,,,,,,,,
*###.....#.##,^,******,,,,,,,
*..#.....#.s##,..****,,,,,,,,
**........'.F@##...*,*,,,,,,,*
**,........#..##.....,,,,,,**,*
**,,........#.##......,**,,,,,,,
*,,,.=......###.......,,*,,,,,,,
***,........##........,,,,,,,,*,
****,#.......#.........,>,,,,,,**
*,,,*##..............#,,,,,,,,,,,
*,,,,...............#***,,,,*,,*,
**,,,........$....### *,,*,,,***<


You could see Prince Ribbit and a giant cockroach.

Vanquished Creatures
  An ogre (D:5)
  A scorpion (D:4)
  A howler monkey (D:4)
  A gnoll shaman (D:4)
  A hound zombie (D:5)
  A mummy (D:5)
  10 gnolls
  11 adders
  A shadow imp (D:5)
  2 oozes
  4 worms
  A dart slug (D:1)
  4 leopard geckos
  3 orcs (D:4)
  11 bats
  6 giant cockroaches
  18 goblins
  14 hobgoblins
  11 jackals
  2 quokkas
  A ball python (D:4)
  9 frilled lizards
  A jackal skeleton (D:4)
  4 kobolds
  A leopard gecko skeleton (D:4)
  8 rats
  A butterfly (D:4)
129 creatures vanquished.

Notes
Turn   | Place    | Note
-------+----------+-------------------------------------------
     0 | D:1      | MisterFreud the Octopode Fighter began the quest for the
                  | Orb.
     0 | D:1      | Reached XP level 1. HP: 16/16 MP: 1/1
   151 | D:1      | Reached XP level 2. HP: 21/21 MP: 2/2
   520 | D:1      | Reached XP level 3. HP: 18/26 MP: 3/3
  1119 | D:2      | Reached XP level 4. HP: 26/31 MP: 4/4
  1524 | D:3      | Reached skill level 4 in Dodging
  1536 | D:2      | Reached XP level 5. HP: 9/36 MP: 5/5
  2168 | D:3      | Reached skill level 5 in Dodging
  2244 | D:3      | Reached XP level 6. HP: 31/42 MP: 6/6
  2441 | D:3      | Found a hide-covered altar of Uskayaw.
  2683 | D:3      | Noticed a +0 hand axe
  2684 | D:3      | Noticed a +0 hand axe
  2737 | D:3      | Found a shimmering blue altar of Sif Muna.
  2839 | D:4      | Found Ruoduas's Antique Armour Boutique.
  2843 | D:4      | Found a staircase to the Ecumenical Temple.
  3149 | D:4      | Found Cofakak's Assorted Antiques.
  3157 | D:4      | Bought a bronze ring for 145 gold pieces
  3157 | D:4      | Bought a green potion for 26 gold pieces
  3161 | D:4      | Found a shimmering altar of Xom.
  3213 | D:4      | Reached skill level 6 in Dodging
  3517 | Temple   | Entered the Ecumenical Temple
  3559 | Temple   | Became a worshipper of Cheibriados the Contemplative
  3695 | D:4      | Found a basalt altar of Yredelemnul.
  3742 | D:4      | Found Uckorgh's General Store.
  3796 | D:5      | Entered Level 5 of the Dungeon
  3801 | D:5      | Reached XP level 7. HP: 46/46 MP: 7/7
  3807 | D:5      | Reached skill level 7 in Dodging
  3861 | D:5      | Found a sparkling altar of Nemelex Xobeh.
  3877 | D:5      | Noticed Prince Ribbit
  3886 | D:5      | Found a sand-covered staircase.
  3894 | D:5      | Mangled by Prince Ribbit

Levels and vault maps discovered:
D:1:      lightli_arrival_noodles, layout_basic
D:2:      layout_rooms, hangedman_decor_slide_cut
D:3:      layout_rooms, lemuel_blue_sif_altar, dancing_weapons_uskayaw,
          serial_rivers, chequers_serial_rivers_marsh,
          chequers_serial_rivers_room_a, chequers_serial_rivers_micro_d,
          chequers_serial_rivers_micro_a, chequers_serial_rivers_micro_b
D:4:      kennysheep_the_goblin_king, layout_rooms,
          lemuel_coloured_pillars_altar, xom_butterflies, temple_fountains,
          serial_shops, kennysheep_mini, shop, nicolae_shop_stone, first_ration
D:5:      layout_cave_pools, fedhas_altar_1, gammafunk_temple_overflow_claw,
          lemuel_round_altar, gup_ossuary_entry_pyramid, grunt_ministairs_9,
          uniq_prince_ribbit1
Temple:   cyrus_temple_forest

Skill      XL: |  1  2  3  4  5  6  7 |
---------------+----------------------+-----
Unarmed Combat | 3 4 |  4.0
Dodging        | 4 5 6 7 |  7.4
Fighting       | |  3.0
Shields        | |  3.0

Action                   |  1- 3 |  4- 6 |  7- 9 || total
-------------------------+-------+-------+-------++-------
Melee: Unarmed           |    79 |   204 |    23 ||   306
       Constrict         |    20 |    62 |     4 ||    86
       Tentacles         |    10 |    47 |     5 ||    62
       Punch             |     2 |     6 |       ||     8
  Use: Scroll            |       |    10 |     2 ||    12
       Potion            |       |     2 |       ||     2
 Stab: Sleeping          |     4 |     5 |       ||     9
  Eat: Chunk             |     1 |     9 |       ||    10
Armor: Skin              |     8 |    14 |     2 ||    24
Dodge: Dodged            |    29 |    97 |    17 ||   143
Block: Kite shield       |    27 |    86 |    20 ||   133

Table legend:
 A = Non-vault XP
 B = Vault XP
 C = Vault XP percentage of total XP
 D = Non-vault monster count
 E = Vault monster count
 F = Vault count percentage of total count
                 A         B        C        D         E       F
            +---------+---------+-------+---------+---------+-------
      Total |     774 |      49 |   6.0 |     118 |      10 |   7.8
            +---------+---------+-------+---------+---------+-------
        D:1 |      48 |       0 |   0.0 |      23 |       0 |   0.0
        D:2 |      90 |       0 |   0.0 |      34 |       0 |   0.0
        D:3 |     220 |       0 |   0.0 |      39 |       0 |   0.0
        D:4 |     238 |      14 |   5.6 |      17 |       7 |  29.2
        D:5 |     178 |      35 |  16.4 |       5 |       3 |  37.5
            +---------+---------+-------+---------+---------+-------
